[Event "*** Titled Tuesday Blitz"]
[Site "Chess.com"]
[Date "2021.02.02"]
[Round "6"]
[White "szachuspl"]
[Black "PowerThinking2650"]
[Result "1-0"]
[WhiteElo "2549"]
[BlackElo "2381"]
[TimeControl "180+1"]
[EndTime "11:08:30 PST"]
[Termination "szachuspl won by resignation"]

1. d4 Nf6 2. c4 g6 3. Nc3 Bg7 4. e4 d6 5. Nf3 O-O 6. Be2 e5 7. Be3 Ng4 8. Bg5 f6 9. Bh4 Nc6 10. d5 Ne7 11. Nd2 Nh6 12. f3 g5 13. Bf2 Ng6 14.
c5 f5 15. cxd6 cxd6 16. Rc1 Nf4 17. Bf1 fxe4 18. Ndxe4 g4 19. g3 Nh3 20. Bxh3 gxh3 21.
O-O a6 22. g4 Nf7 23. Na4 Ng5 24. Nxg5 Qxg5 25. Nb6 Rb8 26. Nc4 h5 27. Be3 Rf4 28.
Bxf4 exf4 29. Kh1 hxg4 30. fxg4 Bxg4 31. Rg1 Bxd1 32. Rxg5 Bf3+ 33. Kg1 Kh7 34. Kf2 Bg2 35. Rd1 f3 36. Nxd6 Rf8 37. Rxg7+ Kxg7 38. Nxb7 Rb8 39. d6 Rxb7 40. d7 Rxd7 41. Rxd7+ Kf6 42. Ra7 1-0

[Event "*** Titled Tuesday Blitz"]
[Site "Chess.com"]
[Date "2021.02.02"]
[Round "6"]
[White "Katheksis"]
[Black "VladimirBugayev"]
[Result "1-0"]
[WhiteElo "2496"]
[BlackElo "2250"]
[TimeControl "180+1"]
[EndTime "11:08:30 PST"]
[Termination "Katheksis won by resignation"]

1. e4 c6 2. Nc3 d5 3. Nf3 Bg4 4. h3 Bxf3 5. Qxf3 e6 6. d4 Nf6 7.
Bd3 dxe4 8. Nxe4 Nxe4 9. Qxe4 Nd7 10. O-O Nf6 11. Qh4 Be7 12. Re1 O-O 13. Bd2 g6 14.
Rad1 Nd5 15. Qg3 Bh4 16. Qg4 h5 17. Qf3 Bg5 18. c4 Bxd2 19. Rxd2 Ne7 20. Bb1 Kg7 21. Qf4 Qb8 22. Qg5 Re8 23. Re3 Qc7 24. Rde2 Rad8 25.
Rxe6 fxe6 26. Rxe6 Rd6 27. Qf6+ Kg8 28. Rxd6 Rf8 29.
Qe6+ Rf7 30. Bxg6 Nxg6 31. Qxg6+ Kf8 32. Rf6 Rxf6 33. Qxf6+ Kg8 34. Qg5+ Kf8 35. Qxh5 Qf4 36. Qf3 Qxf3 37. gxf3 1-0

[Event "*** Titled Tuesday Blitz"]
[Site "Chess.com"]
[Date "2021.02.02"]
[Round "6"]
[White "gumimis"]
[Black "erlesfar"]
[Result "0-1"]
[WhiteElo "2321"]
[BlackElo "2489"]
[TimeControl "180+1"]
[EndTime "11:08:30 PST"]
[Termination "erlesfar won on time"]

1. e4 d5 2. exd5 Qxd5 3. Nc3 Qa5 4. d4 Nf6 5. Nf3 Bg4 6. h3 Bh5 7. g4 Bg6 8. Bd2 c6 9. Ne5 Nbd7 10. Nxg6 hxg6 11.
Bg2 e6 12. Qe2 Bb4 13. a3 Nd5 14. Bxd5 cxd5 15. Kf1 Bxc3 16. Bxc3 Qc7 17. Kg2 O-O-O 18. Bd2 Nf6 19. a4 Ne4 20. Ra3 Kb8 21. Rf3 g5 22. a5 g6 23. a6 b6 24. Ra3 f5 25. Raa1 Ka8 26. b3 Qxc2 27. Rhd1 Qxb3 28. Rab1 Qxh3+ 29. Kg1 fxg4 0-1

[Event "*** Titled Tuesday Blitz"]
[Site "Chess.com"]
[Date "2021.02.02"]
[Round "6"]
[White "Leo_C"]
[Black "LubovMarkelova"]
[Result "1/2-1/2"]
[WhiteElo "2390"]
[BlackElo "2252"]
[TimeControl "180+1"]
[EndTime "11:08:32 PST"]
[Termination "Game drawn by repetition"]

1. d4 d5 2. c4 c6 3. Nc3 Nf6 4. Nf3 e6 5. e3 Nbd7 6. Qc2 Bd6 7. g4 h6 8. Rg1 Qe7 9. h4 dxc4 10. g5 hxg5 11.
hxg5 Nd5 12. Bxc4 N7b6 13. Be2 e5 14. dxe5 Bxe5 15. Nxe5 Qxe5 16. Bd2 Be6 17. f4 Nxe3 18. Qd3 Qxf4 19. Bxe3 Qh4+ 20. Bf2 Qb4 21. O-O-O Nc4 22. Qc2 Rh2 23. Bg3 Ne3 24. Qd2 Nxd1 25. Bxh2 Rd8 26.
Qxd8+ Kxd8 27. Rxd1+ Ke8 28. Bd6 Qa5 29. Bf4 Bxa2 30.
Ne4 Bb3 31. Nd6+ Ke7 32. Nc8+ Ke8 33. Nd6+ Ke7 34. Nc8+ Ke8 35. Nd6+ 1/2-1/2

[Event "*** Titled Tuesday Blitz"]
[Site "Chess.com"]
[Date "2021.02.02"]
[Round "6"]
[White "Nikolaj_6"]
[Black "HrvojeZagreb"]
[Result "1-0"]
[WhiteElo "2595"]
[BlackElo "2216"]
[TimeControl "180+1"]
[EndTime "11:08:32 PST"]
[Termination "Nikolaj_6 won on time"]

1. e4 e6 2. d4 d5 3. Nc3 dxe4 4.
Nxe4 Nd7 5. Nf3 Ngf6 6. Bg5 Be7 7. Nxf6+ Bxf6 8. h4 h6 9. Be3 b6 10. Bb5 Bb7 11. Qe2 a6 12. Ba4 b5 13. Bb3 c5 14.
dxc5 Bxb2 15. Rd1 Bc3+ 16. Bd2 Qa5 17. Bxe6 O-O-O 18. Bxf7 Bxf3 19. Qxf3 Bxd2+ 20. Rxd2 Nxc5 21. c3 Rxd2 22. Kxd2 Rd8+ 23. Kc2 Qa4+ 24. Kb1 Qe4+ 25. Qxe4 Nxe4 26. f3 Nxc3+ 27. Kc2 Ne2 28. Re1 Nd4+ 29.
Kc3 b4+ 30. Kc4 a5 31. Re4 Nc6 32. Kb5 Kc7 33. Rc4 Rb8+ 34. Ka4 Kd6 35. f4 1-0

[Event "*** Titled Tuesday Blitz"]
[Site "Chess.com"]
[Date "2021.02.02"]
[Round "6"]
[White "Alex_Molchanov"]
[Black "LamaChampetre"]
[Result "0-1"]
[WhiteElo "2447"]
[BlackElo "2227"]
[TimeControl "180+1"]
[EndTime "11:08:32 PST"]
[Termination "LamaChampetre won by resignation"]

1. d4 Nf6 2. Nf3 g6 3. c4 Bg7 4. Nc3 d5 5. cxd5 Nxd5 6. e4 Nxc3 7. bxc3 c5 8. Be3 Nc6 9. Bb5 Bd7 10. O-O O-O 11.
e5 Qa5 12. c4 cxd4 13. Nxd4 Nxd4 14. Bxd4 Bxb5 15. cxb5 Qxb5 16. Rb1 Qd5 17. Bc3 Qxa2 18. Rxb7 Rfd8 19. Qf3 Qe6 20. h3 a5 21. Ra1 a4 22.
Re1 a3 23. Bb4 a2 24. Bc3 Rdc8 25. Ba1 Rab8 26. Rxb8 Rxb8 27. Qd3 h5 28. Bd4 Qb3 29.
Qxb3 Rxb3 30. Ra1 Rb1+ 31. Kh2 Rxa1 32. Bxa1 f6 33. f4 Kf7 34. h4 Ke6 35. Kg3 fxe5 36. f5+ gxf5 37. Kf3 e4+ 0-1

[Event "*** Titled Tuesday Blitz"]
[Site "Chess.com"]
[Date "2021.02.02"]
[Round "6"]
[White "Walter_White_Poland"]
[Black "Balla_Tamas"]
[Result "1-0"]
[WhiteElo "2318"]
[BlackElo "2480"]
[TimeControl "180+1"]
[EndTime "11:08:34 PST"]
[Termination "Walter_White_Poland won by checkmate"]

1. e4 g6 2. d4 Bg7 3. Nc3 c6 4. h3 d6 5. a4 e5 6. dxe5 dxe5 7.
Qxd8+ Kxd8 8. Nf3 f6 9. Be3 Be6 10. O-O-O+ Nd7 11. Nd2 Kc7 12. Bc4 Bxc4 13. Nxc4 Ne7 14.
Rd2 Rhd8 15. Rhd1 b6 16. Nd6 f5 17. Bg5 Nf6 18. Ndb5+ cxb5 19. Nxb5+ Kc6 20. Rxd8 Rxd8 21.
Rxd8 Nxe4 22. Bxe7 Nxf2 23. Rd6+ Kb7 24. c4 e4 25. Rd7+ Kc8 26. Rc7+ Kb8 27. Bd6 Nd3+ 28. Kb1 Be5 29. Bxe5 Nxe5 30. Rxa7 Nxc4 31. Rxh7 e3 32. Re7 f4 33. Kc2 Nd2 34. Nd4 Nf1 35. b4 Ng3 36. a5 bxa5 37. b5 Kc8 38. b6 e2 39. b7+ Kd8 40.
Nc6# 1-0

[Event "*** Titled Tuesday Blitz"]
[Site "Chess.com"]
[Date "2021.02.02"]
[Round "6"]
[White "Susal_De_Silva"]
[Black "tdf98pantani"]
[Result "1-0"]
[WhiteElo "2609"]
[BlackElo "2747"]
[TimeControl "180+1"]
[EndTime "11:08:35 PST"]
[Termination "Susal_De_Silva won by resignation"]

1. e4 e5 2. Nf3 Nc6 3. Bb5 a6 4.
Ba4 Nf6 5. O-O Be7 6. Re1 b5 7. Bb3 d6 8. c3 O-O 9. a4 Bg4 10. h3 Bh5 11. d3 b4 12. Bg5 Rb8 13. Nbd2 h6 14. Bxf6 Bxf6 15. g4 Bg6 16. Bd5 Na5 17. Nc4 Nxc4 18. Bxc4 a5 19. Rc1 c6 20. d4 bxc3 21. bxc3 exd4 22. cxd4 d5 23. Bd3 dxe4 24.
Bxe4 Bxe4 25. Rxe4 Qd5 26. Re3 Rb4 27. Qc2 Rc8 28. Rce1 g6 29. Ne5 Kg7 30. Rc1 Rxd4 31. Nxc6 Rd2 32. Qe4 Rd1+ 33. Rxd1 Qxd1+ 34. Kg2 Qd2 35. Rf3 Qg5 36. Na7 Rd8 37. Nb5 h5 38. Nc7 hxg4 39.
hxg4 Be5 40. Qc4 Rd7 41. Rxf7+ Rxf7 42. Ne6+ 1-0

[Event "*** Titled Tuesday Blitz"]
[Site "Chess.com"]
[Date "2021.02.02"]
[Round "6"]
[White "eljanov"]
[Black "Susik_Gaboyan"]
[Result "1-0"]
[WhiteElo "2876"]
[BlackElo "2321"]
[TimeControl "180+1"]
[EndTime "11:08:35 PST"]
[Termination "eljanov won on time"]

1. Nf3 Nf6 2. c4 g6 3. Nc3 d5 4. cxd5 Nxd5 5. h4 h6 6. e4 Nxc3 7. dxc3 Qxd1+ 8. Kxd1 Bg4 9. Be2 Nc6 10. Be3 O-O-O+ 11. Nd2 Bxe2+ 12. Kxe2 Bg7 13. h5 g5 14. f3 e6 15. Rhd1 f5 16. Nc4 f4 17. Bf2 Rxd1 18. Rxd1 Rd8 19. a4 Rxd1 20. Kxd1 a6 21. Kc2 Ne7 22.
b4 Ng8 23. Kd3 Nf6 24. Bd4 Nxh5 25. Bxg7 Nxg7 26. Kd4 Kd7 27. Ke5 Ne8 28. Na5 b6 29. Nb3 Ke7 30. Nd4 Nd6 31. Nc6+ Kd7 32. Nb8+ Ke7 33.
Nxa6 Nc4+ 34. Kd4 Ne3 35. Nxc7 Nxg2 36. a5 bxa5 37. bxa5 Kd7 38. Nxe6 Kc6 39. c4 g4 40. fxg4 f3 41. Kd3 Ne1+ 42. Ke3 Nc2+ 43. Kxf3 Na3 44. c5 Nc4 45. a6 Ne5+ 46. Kf4 Nd7 47. Kf5 1-0

[Event "*** Titled Tuesday Blitz"]
[Site "Chess.com"]
[Date "2021.02.02"]
[Round "6"]
[White "Tsyhanchuk_Stanislav"]
[Black "MatyChess1"]
[Result "1-0"]
[WhiteElo "2457"]
[BlackElo "2579"]
[TimeControl "180+1"]
[EndTime "11:08:35 PST"]
[Termination "Tsyhanchuk_Stanislav won by resignation"]

1. e4 c5 2. Nf3 d6 3. d4 cxd4 4. Nxd4 Nf6 5. Nc3 a6 6. Be3 e5 7. Nb3 Be7 8. Qd2 Ng4 9. g3 Nxe3 10. Qxe3 Be6 11. f4 exf4 12. gxf4 Bh4+ 13. Kd2 Nc6 14. Rd1 Rc8 15. Kc1 Na5 16. Qf3 O-O 17. Rg1 Nxb3+ 18.
axb3 Qa5 19. Kb1 Bf6 20. e5 Rxc3 21. Qxc3 Qxc3 22. bxc3 dxe5 23. fxe5 Bxe5 24. Bg2 b5 25. Bb7 a5 26. Bd5 Bf5 27. c4 bxc4 28. Bxc4 Bxh2 29.
Rh1 Bg3 30. Rhg1 Be5 31. Rd5 Bh2 32. Rg2 Be4 33. Rxh2 Bxd5 34. Bxd5 g5 35. c4 Kg7 36. c5 Rd8 37. Rd2 f5 38. c6 Kf6 39. c7 Rc8 40.
Rc2 g4 41. Bb7 Rxc7 42. Rxc7 h5 43. Kc2 f4 44. Kd2 f3 45. Ke3 Kg5 46. Rc5+ 1-0

[Event "*** Titled Tuesday Blitz"]
[Site "Chess.com"]
[Date "2021.02.02"]
[Round "6"]
[White "hermionegrangermagic"]
[Black "DanilNajdin"]
[Result "1-0"]
[WhiteElo "2636"]
[BlackElo "2457"]
[TimeControl "180+1"]
[EndTime "11:08:35 PST"]
[Termination "hermionegrangermagic won by resignation"]

1. e4 e5 2. Nf3 Nc6 3. d4 exd4 4. Bc4 Nf6 5. e5 d5 6. Bb5 Ne4 7. O-O Bd7 8. Bxc6 bxc6 9. Nxd4 Bc5 10. Be3 Qe7 11.
f3 Nd6 12. Re1 Nc4 13. Qc1 Nxe3 14. Qxe3 O-O 15. c3 Rae8 16. Nd2 f6 17. f4 fxe5 18. fxe5 Bf5 19. Kh1 Bb6 20. Nxc6 Qh4 21. Nd4 Re6 22. N2f3 Qh5 23. Qg5 Qxg5 24. Nxg5 Rg6 25. Nxf5 Rxg5 26.
Ne7+ Kh8 27. Nxd5 Rf2 28. g3 Rh5 29. h4 g5 30. Nxb6 gxh4 31. Kg1 hxg3 32. Re3 Rfh2 33.
Rae1 Rh1+ 34. Kg2 Rxe1 35. Rxe1 Rh2+ 36. Kxg3 Rxb2 37. Nd5 Kg7 38. e6 Rb8 39. e7 Kf7 40. Nxc7 1-0

[Event "*** Titled Tuesday Blitz"]
[Site "Chess.com"]
[Date "2021.02.02"]
[Round "6"]
[White "Eternauta2400"]
[Black "Papullon"]
[Result "1-0"]
[WhiteElo "2435"]
[BlackElo "2125"]
[TimeControl "180+1"]
[EndTime "11:08:36 PST"]
[Termination "Eternauta2400 won by checkmate"]

1. Nf3 c5 2. c4 Nc6 3. Nc3 Nd4 4. e3 Nxf3+ 5. Qxf3 g6 6. d4 Bg7 7. Qd1 Nh6 8. g3 cxd4 9. exd4 Nf5 10. Ne2 d5 11. c5 b6 12. Bg2 bxc5 13. dxc5 Qa5+ 14. Bd2 Qxc5 15. Rc1 Qd6 16. O-O O-O 17. Bf4 e5 18. Bxd5 Rb8 19. Rc6 Qd7 20. Bc1 Bb7 21. Rc5 Rfd8 22.
Nc3 Bf8 23. Rb5 Ba6 24. Rxb8 Rxb8 25. Be4 Nd4 26. Re1 Bb4 27. Nd5 Be7 28. b3 f5 29.
Nxe7+ Qxe7 30. Bd5+ Kf8 31. Bf4 Rd8 32. Rxe5 Qb4 33.
Bh6# 1-0

[Event "*** Titled Tuesday Blitz"]
[Site "Chess.com"]
[Date "2021.02.02"]
[Round "6"]
[White "A-Fier"]
[Black "jacky72"]
[Result "1-0"]
[WhiteElo "2860"]
[BlackElo "2678"]
[TimeControl "180+1"]
[EndTime "11:08:37 PST"]
[Termination "A-Fier won by resignation"]

1. d4 Nf6 2. Bg5 Ne4 3. Bf4 c5 4. f3 Nf6 5. dxc5 b6 6. e4 bxc5 7. Nc3 g6 8. e5 Nh5 9. Be3 Qb6 10. Nd5 Qb7 11. Ne2 e6 12. Ndc3 Be7 13. Ne4 O-O 14.
N2c3 Nc6 15. f4 Nd4 16. Bd3 f5 17. exf6 Nxf6 18. O-O Nxe4 19. Nxe4 Nf5 20. Bf2 c4 21. Be2 Qxe4 22. Bf3 Qxf4 23. Bxa8 d5 24. Bc6 Bd6 25.
g3 Qe5 26. Qd2 Qxb2 27. Rae1 Bb4 28. Qc1 Qg7 29. Rd1 Qc7 30. c3 Bd6 31. Ba4 Bb7 32.
Bc2 d4 33. cxd4 Qc6 34. d5 exd5 35. Bxf5 Rxf5 36. Bd4 Bc8 37. Qe3 Qc7 38. Qe8+ Bf8 39. Rde1 Rxf1+ 40. Rxf1 Bf5 41. g4 Qd7 42. Qe5 Bd6 43. Qh8+ Kf7 44. gxf5 gxf5 45. Qxh7+ Ke8 46. Qxd7+ Kxd7 47. Rxf5 Kc6 48. Rf6 a5 49. h4 Kd7 50.
h5 Bc5 51. Bxc5 c3 52. Bd4 c2 53. Rf1 c1=Q 54. Rxc1 1-0

[Event "*** Titled Tuesday Blitz"]
[Site "Chess.com"]
[Date "2021.02.02"]
[Round "6"]
[White "profofchess"]
[Black "Piacramling"]
[Result "1/2-1/2"]
[WhiteElo "2392"]
[BlackElo "2260"]
[TimeControl "180+1"]
[EndTime "11:08:37 PST"]
[Termination "Game drawn by repetition"]

1. e4 c5 2. Nf3 e6 3. c3 Nf6 4.
Bd3 d5 5. e5 Nfd7 6. Bc2 Nc6 7.
d4 b6 8. O-O cxd4 9. Nxd4 Ncxe5 10. f4 Nc4 11. f5 Nf6 12. fxe6 fxe6 13. Qe2 Bc5 14. Bg5 O-O 15. Kh1 Bxd4 16. cxd4 Nd6 17. Nc3 Bd7 18. Qd3 Rf7 19. Rae1 Rc8 20. Bb1 Nde4 21.
Nxe4 dxe4 22. Qg3 Bc6 23. Qh4 Qd5 24. Be3 Rcf8 25. b3 Qh5 26. Qxh5 Nxh5 27. Kg1 h6 28. Rxf7 Rxf7 29. Rc1 Bd5 30. Rc8+ Rf8 31.
Rc7 Rf7 32. Rc8+ Rf8 33. Rc7 Rf7 34. Rc8+ 1/2-1/2

[Event "*** Titled Tuesday Blitz"]
[Site "Chess.com"]
[Date "2021.02.02"]
[Round "6"]
[White "MariaFominykh"]
[Black "bylavochka"]
[Result "0-1"]
[WhiteElo "2260"]
[BlackElo "2100"]
[TimeControl "180+1"]
[EndTime "11:08:37 PST"]
[Termination "bylavochka won on time"]

1. d4 Nf6 2. c4 g6 3. Nc3 Bg7 4. e4 O-O 5. Be3 d6 6. h3 e5 7. d5 c6 8. Nf3 cxd5 9. cxd5 a6 10. a4 Nbd7 11. Nd2 b6 12. Be2 Nc5 13. b4 Nb7 14.
Nc4 Nd7 15. g4 a5 16. bxa5 bxa5 17. Nb5 Ndc5 18. Qc2 f5 19. gxf5 gxf5 20. Ncxd6 Nxe4 21. Nxe4 fxe4 22. Rg1 Bf5 23. Bh6 Bg6 24. Bxg7 Kxg7 25.
Qc6 Rf7 26. d6 Qh4 27. Rg3 Raf8 28. O-O-O Qf4+ 29. Re3 Qxf2 30. Rc3 Qf4+ 0-1

[Event "*** Titled Tuesday Blitz"]
[Site "Chess.com"]
[Date "2021.02.02"]
[Round "6"]
[White "kuban1991"]
[Black "Sychev_Klementy"]
[Result "0-1"]
[WhiteElo "2829"]
[BlackElo "2911"]
[TimeControl "180+1"]
[EndTime "11:08:38 PST"]
[Termination "Sychev_Klementy won by resignation"]

1. Nf3 c5 2. g3 Nc6 3. Bg2 g6 4. O-O Bg7 5. c4 d6 6. Nc3 Bf5 7. d3 Qd7 8. Bd2 Bh3 9. a3 h5 10. Bxh3 Qxh3 11. Ng5 Qd7 12. h4 Nh6 13. Rb1 Ne5 14.
Kg2 Nf5 15. Nce4 b6 16. b4 O-O 17. Bf4 Rad8 18. Bxe5 Bxe5 19. Nf3 Bg7 20. Qc1 Rfe8 21. Rd1 Qc6 22. Kg1 Rd7 23. Nc3 e6 24. bxc5 bxc5 25. Ne4 Rb7 26. Qc2 Reb8 27. Neg5 Rb2 28. Rxb2 Rxb2 29. Qc1 Rxe2 30. Rd2 Rxd2 31. Qxd2 Qa4 32.
Qc1 Qb3 33. Qe3 Nxe3 0-1

[Event "*** Titled Tuesday Blitz"]
[Site "Chess.com"]
[Date "2021.02.02"]
[Round "6"]
[White "GMKrikor"]
[Black "Milchone1"]
[Result "0-1"]
[WhiteElo "2786"]
[BlackElo "2523"]
[TimeControl "180+1"]
[EndTime "11:08:38 PST"]
[Termination "Milchone1 won by resignation"]

1. Nf3 Nf6 2. c4 g6 3. Nc3 Bg7 4. e4 O-O 5. d4 d6 6. h3 c5 7. Be2 Nc6 8. Be3 Nd7 9. d5 Na5 10.
O-O a6 11. Qd2 b5 12. cxb5 axb5 13. Nxb5 Ba6 14. Qc2 Qb6 15. a4 Qb7 16. Bd2 Qb6 17. Rab1 c4 18. Bxa5 Qxa5 19. Bxc4 Rfc8 20. b3 Bxb5 21.
axb5 Nb6 22. Qe2 Qa2 23. Qe3 Nxc4 24. bxc4 Rxc4 25. b6 Rb8 26. e5 Qa5 27. exd6 exd6 28. Qe7 Bf8 29. Qa7 Qxa7 30. bxa7 Ra8 31. Rb7 Ra4 32.
Ng5 R4xa7 33. Rfb1 Be7 34. Ne4 Kf8 35. g3 Rxb7 36. Rxb7 Ra4 37. f3 Rd4 38. Rb5 f5 39. Nf2 Rd2 40. Kf1 Bf6 41. Rb8+ Kf7 42. Rb7+ Be7 43. Rb5 Bf6 44. Ke1 Bc3 45. Kf1 Bd4 46. Nh1 Rd1+ 47. Kg2 Rg1+ 48. Kh2 Rd1 49. f4 Rd2+ 0-1

[Event "*** Titled Tuesday Blitz"]
[Site "Chess.com"]
[Date "2021.02.02"]
[Round "6"]
[White "BL4D3RUNN3R"]
[Black "Chamal_Gedgafov"]
[Result "0-1"]
[WhiteElo "2206"]
[BlackElo "2367"]
[TimeControl "180+1"]
[EndTime "11:08:38 PST"]
[Termination "Chamal_Gedgafov won on time"]

1. Nf3 Nf6 2. c4 g6 3. b4 Bg7 4.
Bb2 d6 5. g3 O-O 6. Bg2 e5 7. O-O a5 8. b5 Nbd7 9. Nc3 Re8 10. Rc1 Nb6 11. d3 e4 12. Nd4 e3 13.
f3 Nfd7 14. Nc2 Nc5 15. d4 Nxc4 16. Ba1 Nd7 17. Qd3 Ndb6 18. Nd1 Bf5 19. Qc3 Bxc2 20. Qxc2 Qe7 21. Qd3 d5 22. f4 c6 23. bxc6 bxc6 24.
Nb2 Rab8 25. Nxc4 Nxc4 26. Kh1 Qb4 27. f5 Qd2 28. fxg6 hxg6 29. Rfd1 Qxd3 30. exd3 Nb2 31. Bxb2 Rxb2 32. Rxc6 e2 33. Re1 Bxd4 34. Bxd5 Bf2 0-1

[Event "*** Titled Tuesday Blitz"]
[Site "Chess.com"]
[Date "2021.02.02"]
[Round "6"]
[White "WiktoriaPOL"]
[Black "novocane"]
[Result "1/2-1/2"]
[WhiteElo "1988"]
[BlackElo "2243"]
[TimeControl "180+1"]
[EndTime "11:08:38 PST"]
[Termination "Game drawn by repetition"]

1. e4 c5 2. d4 cxd4 3. c3 dxc3 4. Nxc3 Nc6 5. Nf3 d6 6. Bc4 a6 7. O-O Nf6 8. e5 dxe5 9. Qxd8+ Nxd8 10. Nxe5 e6 11. Bg5 Be7 12. Rfd1 O-O 13. Rd2 b5 14. Bb3 h6 15. Bh4 Bb7 16. Rad1 Nc6 17. Bxf6 Bxf6 18. Nd7 Rfd8 19. Nxf6+ gxf6 20. Rd7 Rxd7 21. Rxd7 Na5 22. Bd1 b4 23. Ne2 Bd5 24. f3 Rc8 25. b3 Bc6 26. Rd6 Bb5 27. Kf2 Nc6 28. Nd4 Nxd4 29. Rxd4 a5 30. Rd6 Kf8 31. Ke3 Ke7 32.
Rd4 Rd8 33. Rxd8 Kxd8 34. Kd4 Kc7 35. Kc5 Bf1 36. g3 f5 37. f4 f6 38. Bc2 Be2 39.
Bb1 Bf1 40. Bc2 Be2 41. Bb1 Bf1 42. Bc2 1/2-1/2

[Event "*** Titled Tuesday Blitz"]
[Site "Chess.com"]
[Date "2021.02.02"]
[Round "6"]
[White "manipun1"]
[Black "GiorgianBarbosa"]
[Result "0-1"]
[WhiteElo "2258"]
[BlackElo "2493"]
[TimeControl "180+1"]
[EndTime "11:08:39 PST"]
[Termination "GiorgianBarbosa won by resignation"]

1. e4 c6 2. d4 d5 3. e5 c5 4. dxc5 e6 5. a3 Bxc5 6. b4 Bb6 7. Qg4 Ne7 8. Bd3 Nbc6 9. Bb2 Kf8 10. Nf3 h5 11.
Qg5 Ng8 12. Qxd8+ Bxd8 13. h4 Nge7 14. Nbd2 b6 15. g3 Bb7 16. O-O Bc7 17. Nb3 g6 18. b5 Nb8 19. Nbd4 Nd7 20. a4 Nc5 21. Rfe1 Nf5 22.
Nxf5 gxf5 23. Nd4 Ke7 24. f4 Rhg8 25. Kf2 Ne4+ 26. Bxe4 fxe4 27. Ba3+ Kd7 28. Rac1 a6 29. c4 axb5 30. Nxb5 d4 31. Nxd4 Rxa4 32. Nb5 Bc6 33. Red1+ Kc8 34. Bd6 e3+ 35. Kxe3 Rxg3+ 36. Kd4 Bxb5 37. Rg1 Rxg1 38. Rxg1 Rxc4+ 39. Ke3 Bxd6 40. exd6 Kd7 41. Rg7 Kxd6 42. Rxf7 Bc6 0-1

[Event "*** Titled Tuesday Blitz"]
[Site "Chess.com"]
[Date "2021.02.02"]
[Round "6"]
[White "SlavenPastar"]
[Black "Ave_Mariia"]
[Result "1-0"]
[WhiteElo "2641"]
[BlackElo "2475"]
[TimeControl "180+1"]
[EndTime "11:08:40 PST"]
[Termination "SlavenPastar won by resignation"]

1. d4 Nf6 2. Nf3 e6 3. c4 d5 4. Nc3 Bb4 5. cxd5 exd5 6. Bd2 O-O 7. e3 c6 8. Bd3 Nbd7 9. Rc1 Re8 10. O-O Bd6 11. a3 Ne4 12. Qc2 Ndf6 13. h3 Bb8 14. Ne2 Nxd2 15. Nxd2 Be6 16. Bf5 Qd6 17. Ng3 Nh5 18.
Bxh7+ Kh8 19. Bf5 Nxg3 20. fxg3 Qxg3 21. Rf3 Qh2+ 22. Kf2 Bd6 23. e4 dxe4 24. Nxe4 Bxf5 25. Rxf5 g6 26. Rf3 f5 27. Ng5 Kg7 28. Qc4 Re7 29. Ne6+ Kf6 30. Nc5 Rae8 31. Rf1 Bg3+ 32. Rxg3 Re2+ 33.
Qxe2 Rxe2+ 34. Kxe2 Qxg3 35. Ne4+ 1-0

[Event "*** Titled Tuesday Blitz"]
[Site "Chess.com"]
[Date "2021.02.02"]
[Round "6"]
[White "vladjianu"]
[Black "eCztery"]
[Result "0-1"]
[WhiteElo "2574"]
[BlackElo "2443"]
[TimeControl "180+1"]
[EndTime "11:08:40 PST"]
[Termination "eCztery won by resignation"]

1. d4 Nf6 2. c4 e6 3. Nf3 d5 4. g3 dxc4 5. Bg2 c5 6. O-O Nc6 7.
dxc5 Qxd1 8. Rxd1 Bxc5 9. Nbd2 Bd7 10. Nxc4 O-O 11. Bg5 Rfd8 12. Nfe5 Be8 13. Nxc6 Bxc6 14. Bxc6 bxc6 15. Bxf6 gxf6 16. e3 Bb6 17. Kf1 Kf8 18. Ke2 Ke7 19. Rdc1 Rac8 20. Rc3 Rd5 21. Rac1 Rcd8 22.
R1c2 Ba5 23. Nxa5 Rxa5 24. a3 c5 25. Rxc5 Rxc5 26. Rxc5 Kd6 27. Ra5 Rb8 28. b4 Rb7 29. Rh5 Rc7 30. Kd2 Rc6 31. Rxh7 Ra6 32. Rxf7 Rxa3 33.
Rxa7 Rxa7 34. h4 Kd5 35. Kd3 Ra3+ 36. Ke2 Ke4 37. f3+ Kd5 38. g4 Ra2+ 39. Kd3 Rh2 40. h5 f5 41. e4+ fxe4+ 42. fxe4+ Ke5 43. b5 Rb2 44. Kc4 Kf4 45. h6 Kxg4 46. h7 Rh2 47.
Kc5 Rxh7 48. Kd6 Rb7 49. Kc6 Rb8 50. b6 Kf4 51. Kc7 Rh8 52. b7 e5 53. b8=Q Rxb8 54.
Kxb8 0-1

[Event "*** Titled Tuesday Blitz"]
[Site "Chess.com"]
[Date "2021.02.02"]
[Round "6"]
[White "sokidze"]
[Black "TigrVShlyape"]
[Result "0-1"]
[WhiteElo "2512"]
[BlackElo "2839"]
[TimeControl "180+1"]
[EndTime "11:08:41 PST"]
[Termination "TigrVShlyape won on time"]

1. e4 e5 2. Nf3 Nc6 3. Bb5 a6 4. Ba4 Nf6 5. O-O Be7 6. Re1 b5 7. Bb3 d6 8. a4 Bd7 9. c3 O-O 10. axb5 axb5 11. Rxa8 Qxa8 12. d4 Bg4 13. d5 Na5 14.
Bc2 c6 15. dxc6 Qxc6 16. h3 Be6 17. Ng5 Bd7 18. Na3 h6 19. Nf3 Be6 20. Bd3 Rb8 21.
Nc2 Qc7 22. Nb4 Qb7 23. Qe2 Nc6 24. Nxc6 Qxc6 25. Bd2 Nd7 26. b4 Bf6 27. Ra1 d5 28. Ra5 dxe4 29. Bxe4 Bd5 30. Bc2 e4 31. Ne1 Bxc3 32.
Bxc3 Qxc3 33. Kh2 Qxb4 34. Ra1 Nf6 35. Rb1 Qc5 36. g3 b4 37. Ng2 b3 38. Bd1 Bc4 39. Qe1 Qd4 40. Ne3 Be6 41. Be2 b2 42. Qd1 Qe5 0-1

[Event "*** Titled Tuesday Blitz"]
[Site "Chess.com"]
[Date "2021.02.02"]
[Round "6"]
[White "Homino"]
[Black "Savagelittlemole"]
[Result "0-1"]
[WhiteElo "2306"]
[BlackElo "2458"]
[TimeControl "180+1"]
[EndTime "11:08:41 PST"]
[Termination "Savagelittlemole won on time"]

1. e4 c5 2. Nf3 d6 3. d4 cxd4 4. Nxd4 Nf6 5. Nc3 a6 6. Be2 e5 7. Nb3 Be7 8. O-O O-O 9. Kh1 b5 10. a4 b4 11. Nd5 Nxd5 12. exd5 a5 13. f4 Bf6 14. Rb1 Nd7 15. Bf3 exf4 16. Bxf4 Ne5 17. Nd4 Ba6 18. Be2 Bxe2 19. Qxe2 Qd7 20. Nb5 Rfe8 21.
Qd1 Rac8 22. c3 bxc3 23. Nxc3 Nc4 24. Qb3 Be5 25. Bxe5 Nd2 26. Qd1 Nxf1 27. Bd4 Ne3 28.
Qf3 Qg4 29. Qxg4 Nxg4 30. Nb5 Re2 31. Nxd6 Rd8 32. Nf5 Rxd5 33. Rf1 g6 34. Ng3 Rd2 35. Bc3 Rd1 36. h3 Rxf1+ 37. Nxf1 Rd1 38. hxg4 Rxf1+ 39. Kh2 Ra1 40. Bxa5 Rxa4 41. Bc3 Rxg4 42. Kh3 Rc4 43. g4 f5 44. gxf5 gxf5 45. Kg3 Kf7 46.
Kf3 Kg6 47. Bd2 Rc2 48. Bc3 Kg5 49. Be5 Rc4 50. Bc3 h5 51. Be5 h4 52. Bc3 Rc6 53.
Bd2+ Kh5 54. Kf4 Rc2 55. Bc3 h3 0-1

[Event "*** Titled Tuesday Blitz"]
[Site "Chess.com"]
[Date "2021.02.02"]
[Round "6"]
[White "LileKoridze"]
[Black "fridaywins"]
[Result "1/2-1/2"]
[WhiteElo "2377"]
[BlackElo "2163"]
[TimeControl "180+1"]
[EndTime "11:08:41 PST"]
[Termination "Game drawn - insufficient material"]

1. d4 Nf6 2. c4 g6 3. Nc3 Bg7 4. e4 O-O 5. Nf3 d6 6. Be2 e5 7. O-O Nc6 8. Be3 Ng4 9. Bg5 f6 10. Bc1 Nh6 11. c5 Nf7 12. cxd6 cxd6 13. Be3 f5 14. dxe5 dxe5 15. Qb3 Na5 16. Qc2 Qc7 17. Rfd1 f4 18. Bc1 Be6 19. Bd2 Rac8 20. Be1 a6 21. Rac1 g5 22. h3 h5 23. Qa4 b5 24. Nxb5 axb5 25. Rxc7 bxa4 26. Bxa5 g4 27. hxg4 hxg4 28. Ne1 Rxc7 29. Bxc7 Rc8 30. Ba5 Bxa2 31. Nd3 Bb3 32.
Rc1 Rxc1+ 33. Nxc1 Be6 34. Bd3 Bf8 35. Bc3 Bc5 36. Kf1 Kg7 37. f3 gxf3 38. gxf3 Kf6 39.
Ke2 Ng5 40. Bb5 a3 41. bxa3 Bxa3 42. Nd3 Bd6 43. Bc6 Bc4 44. Bd5 Bxd5 45. exd5 Kf5 46. Nb2 e4 47. fxe4+ Nxe4 48. Bd2 Nxd2 49. Kxd2 Ke4 50. Nd3 f3 51. Nf2+ Kxd5 52. Ke3 Bc5+ 53. Kxf3 1/2-1/2

[Event "*** Titled Tuesday Blitz"]
[Site "Chess.com"]
[Date "2021.02.02"]
[Round "6"]
[White "carlocapau"]
[Black "Vamostodorecto"]
[Result "1-0"]
[WhiteElo "2333"]
[BlackElo "2434"]
[TimeControl "180+1"]
[EndTime "11:08:41 PST"]
[Termination "carlocapau won by checkmate"]

1. d4 Nf6 2. c4 g6 3. f3 d5 4. cxd5 Nxd5 5. e4 Nb6 6. Nc3 Bg7 7. Be3 O-O 8. Qd2 Nc6 9. O-O-O e5 10. d5 Nd4 11. f4 Bg4 12. Re1 c5 13. h3 Qh4 14. g3 Qh5 15. Rh2 Bd7 16. g4 Qh4 17. f5 Qd8 18. h4 Na4 19. h5 Nxc3 20. Qxc3 b5 21. Kb1 b4 22. Qd2 b3 23. a3 Nc2 24. Bh6 Nxe1 25. Bxg7 Kxg7 26. hxg6 fxg6 27.
Qh6+ Kf6 28. g5+ Ke7 29. Qxh7+ Kd6 30. Qxg6+ Kc7 31. Rh6 Be8 32. Qa6 Qxg5 33. Qa5+ Kd7 34. Bb5+ Ke7 35. Qc7+ Bd7 36. Qxd7# 1-0